AA
ROCKFORD PLAYBOYS @ NEWARK KNIGHTS
05/04/2060
 
TOP OF THE 1ST
Rockford Playboys batting - Pitching for Newark Knights : RHP Sean Kilgore
Pitching: RHP Sean Kilgore
Batting: SHB Dominick Edison 0-0: Swinging Strike
0-1: Called Strike
0-2: Ball
1-2: SINGLE (Groundball, 25, EV 68.8 MPH) (infield hit)
Batting: LHB Dimitri Mallard 0-0: Ball
1-0: Foul Ball, location: 2F
1-1: Swinging Strike
1-2: Reached on error, E4 (Groundball, 4D, EV 108.1 MPH)
Dominick Edison to second
Batting: RHB Carter Carbon 0-0: Foul Ball, location: 2F
0-1: Ball
1-1: 3-RUN HOME RUN (Flyball, 7LD, EV 93.1 MPH), Distance : 333 ft
Batting: LHB Skylar Reid 0-0: Called Strike
0-1: Fly out, F8 (Line Drive, 78M, EV 98.1 MPH)
Batting: RHB Edward Cain 0-0: Called Strike
0-1: Fly out, F9 (Flyball, 9, EV 98.1 MPH)
Batting: LHB Billy Cowger 0-0: Ball
1-0: Called Strike
1-1: Ball
2-1: Foul Ball, location: 2F
2-2: Foul Ball, location: 2F
2-2: Strikes out swinging
Top of the 1st over - 3 runs, 2 hits, 1 error, 0 left on base; Rockford 3 - Newark 0
BOTTOM OF THE 1ST
Newark Knights batting - Pitching for Rockford Playboys : LHP Kirk Loose
Pitching: LHP Kirk Loose
Batting: SHB Zak Puckett 0-0: Foul Ball, location: 2F
0-1: Ball
1-1: Ball
2-1: Foul Ball, location: 2F
2-2: Ball
3-2: Ground out 6-3 (Groundball, 6, EV 106.9 MPH)
Batting: RHB Benjamin Givler 0-0: Called Strike
0-1: Foul Ball, location: 2F
0-2: Ball
1-2: Ball
2-2: Strikes out swinging
Batting: RHB Garret Perales 0-0: Ball
1-0: Called Strike
1-1: Ball
2-1: SINGLE (Groundball, 56D, EV 93.8 MPH)
Batting: RHB Fulton Mhina 0-0: SINGLE (Groundball, 4D, EV 106.2 MPH)
Garret Perales to second
Runner from 2nd tries for 3rd, SAFE, throw by CF made to third
Batting: RHB Danrad Orozco 0-0: Fly out, F8 (Flyball, 8LXD, EV 93.1 MPH)
Bottom of the 1st over - 0 runs, 2 hits, 0 errors, 2 left on base; Rockford 3 - Newark 0
TOP OF THE 2ND
Rockford Playboys batting - Pitching for Newark Knights : RHP Sean Kilgore
Batting: SHB Donavan Bonner 0-0: Ball
1-0: Ball
2-0: Ball
3-0: Called Strike
3-1: Swinging Strike
3-2: Strikes out swinging
Batting: RHB Lavan Lehtera 0-0: Called Strike
0-1: Foul Ball, location: 2F
0-2: Strikes out swinging
Batting: RHB Kennedy Mejia 0-0: Called Strike
0-1: Ball
1-1: Ball
2-1: Ball
3-1: Reached on error, E6 (Groundball, 6, EV 85.6 MPH)
Batting: SHB Dominick Edison 0-0: Ground out 1-3 (Groundball, 13S, EV 69.4 MPH)
Top of the 2nd over - 0 runs, 0 hits, 1 error, 1 left on base; Rockford 3 - Newark 0
BOTTOM OF THE 2ND
Newark Knights batting - Pitching for Rockford Playboys : LHP Kirk Loose
Batting: RHB Kaleb Holle 0-0: Fly out, F8 (Flyball, 8RD, EV 91.9 MPH)
Batting: LHB Ken Holland 0-0: Ball
1-0: Called Strike
1-1: Ball
2-1: Ball
3-1: Foul Ball, location: 2F
3-2: Base on Balls
Batting: LHB Kyle Majka 0-0: Foul Ball, location: 2LF, Error on foul ball, E2
0-1: Foul Ball, location: 2F
0-2: Ball
1-2: Fly out, F7 (Flyball, 7LD, EV 105.6 MPH)
Batting: SHB Stefan Traylor 0-0: Ball
1-0: Ball
2-0: Ball
3-0: Base on Balls
Ken Holland to second
Batting: SHB Zak Puckett 0-0: Foul Ball, location: 2F
0-1: Swinging Strike
0-2: Ball
1-2: Foul Ball, location: 2F
1-2: Ball
2-2: Fly out, F8 (Flyball, 8RXD, EV 93.1 MPH)
Bottom of the 2nd over - 0 runs, 0 hits, 1 error, 2 left on base; Rockford 3 - Newark 0
TOP OF THE 3RD
Rockford Playboys batting - Pitching for Newark Knights : RHP Sean Kilgore
Batting: LHB Dimitri Mallard 0-0: Swinging Strike
0-1: Fly out, F7 (Line Drive, 7S, EV 95.6 MPH)
Batting: RHB Carter Carbon 0-0: Ball
1-0: Swinging Strike
1-1: Fly out, F9 (Flyball, 89M, EV 83.8 MPH)
Batting: LHB Skylar Reid 0-0: Called Strike
0-1: Ball
1-1: Foul Ball, location: 2F
1-2: Strikes out swinging
Top of the 3rd over - 0 runs, 0 hits, 0 errors, 0 left on base; Rockford 3 - Newark 0
BOTTOM OF THE 3RD
Newark Knights batting - Pitching for Rockford Playboys : LHP Kirk Loose
Batting: RHB Benjamin Givler 0-0: Called Strike
0-1: Ball
1-1: Fly out, F5 (Line Drive, 5L, EV 70.6 MPH)
Batting: RHB Garret Perales 0-0: Ball
1-0: Ball
2-0: Foul Ball, location: 2F
2-1: Ball
3-1: Base on Balls
Batting: RHB Fulton Mhina 0-0: Ball
1-0: Ball
2-0: SINGLE (Groundball, 56D, EV 95.6 MPH)
Garret Perales to second
Batting: RHB Danrad Orozco 0-0: Called Strike
0-1: Ball
1-1: Called Strike
1-2: Ball
2-2: Foul Ball, location: 2F
2-2: Ball
3-2: Foul Ball, location: 2F
3-2: Strikes out swinging
Batting: RHB Kaleb Holle 0-0: Called Strike
0-1: Fly out, F7 (Flyball, 78D, EV 100.6 MPH)
Bottom of the 3rd over - 0 runs, 1 hit, 0 errors, 2 left on base; Rockford 3 - Newark 0
TOP OF THE 4TH
Rockford Playboys batting - Pitching for Newark Knights : RHP Sean Kilgore
Batting: RHB Edward Cain 0-0: Reached on error, E1 (Groundball, P, EV 70.6 MPH)
Batting: LHB Billy Cowger 0-0: Ball
1-0: Swinging Strike
1-1: Fly out, F8 (Flyball, 8LM, EV 88.8 MPH)
Batting: SHB Donavan Bonner 0-0: Fielders Choice at 2nd, 4-6 (Groundball, 4MS, EV 88.1 MPH)
Batting: RHB Lavan Lehtera 0-0: Ball
1-0: Ball
2-0: Ball
3-0: Called Strike
3-1: Ground out 5-3 (Groundball, 56S, EV 62.5 MPH)
Top of the 4th over - 0 runs, 0 hits, 1 error, 1 left on base; Rockford 3 - Newark 0
BOTTOM OF THE 4TH
Newark Knights batting - Pitching for Rockford Playboys : LHP Kirk Loose
Batting: LHB Ken Holland 0-0: Ball
1-0: Ball
2-0: Ball
3-0: Called Strike
3-1: Fly out, F7 (Flyball, 78M, EV 87.5 MPH)
Batting: LHB Kyle Majka 0-0: Called Strike
0-1: Foul Ball, location: 2F
0-2: Ball
1-2: Foul Ball, location: 2F
1-2: Ball
2-2: Ground out U3 (Groundball, 34, EV 104.4 MPH)
Batting: SHB Stefan Traylor 0-0: Called Strike
0-1: Ball
1-1: Called Strike
1-2: Strikes out looking
Bottom of the 4th over - 0 runs, 0 hits, 0 errors, 0 left on base; Rockford 3 - Newark 0
TOP OF THE 5TH
Rockford Playboys batting - Pitching for Newark Knights : RHP Sean Kilgore
Batting: RHB Kennedy Mejia 0-0: Called Strike
0-1: Foul Ball, location: 2F
0-2: SINGLE (Groundball, 34D, EV 108.1 MPH)
Batting: SHB Dominick Edison 0-0: Called Strike
0-1: Swinging Strike
0-2: Ball
1-2: Strikes out swinging
Batting: LHB Dimitri Mallard 0-0: Ball
1-0: DOUBLE (Line Drive, 7LM, EV 90.6 MPH)
Kennedy Mejia to third
Batting: RHB Carter Carbon 0-0: Ball
1-0: Ball
2-0: Called Strike
2-1: Swinging Strike
2-2: Strikes out swinging
Batting: LHB Skylar Reid 0-0: Ball
1-0: Ball
2-0: Called Strike
2-1: Foul Ball, location: 2F
2-2: Ball
3-2: Foul Ball, location: 2F
3-2: Foul Ball, location: 2F
3-2: Base on Balls
Batting: RHB Edward Cain 0-0: Swinging Strike
0-1: Ball
1-1: Called Strike
1-2: Ball
2-2: Ground out 4-3 (Groundball, 4, EV 82.5 MPH)
Top of the 5th over - 0 runs, 2 hits, 0 errors, 3 left on base; Rockford 3 - Newark 0
BOTTOM OF THE 5TH
Newark Knights batting - Pitching for Rockford Playboys : LHP Kirk Loose
Batting: SHB Zak Puckett 0-0: Foul Ball, location: 2F
0-1: Foul Ball, location: 2F
0-2: Foul Ball, location: 2F
0-2: Fly out, F9 (Flyball, 9, EV 83.8 MPH)
Batting: RHB Benjamin Givler 0-0: Swinging Strike
0-1: Reached via error on a dropped throw from SS, E3 (Groundball, 6S, EV 82.5 MPH)
Batting: RHB Garret Perales 0-0: Foul Ball, location: 2F
0-1: Swinging Strike
0-2: Fly out, F3 (Popup, 3F, EV 68.1 MPH)
Batting: RHB Fulton Mhina 0-0: Called Strike
0-1: Ball
1-1: Called Strike
1-2: SINGLE (Line Drive, 4MD, EV 94.4 MPH)
Benjamin Givler to second
Benjamin Givler to third
Batting: RHB Danrad Orozco 0-0: Foul Ball, location: 2F
0-1: Ball
1-1: Swinging Strike
1-2: Ground out 3-1 (Groundball, 34, EV 85.0 MPH)
Bottom of the 5th over - 0 runs, 1 hit, 1 error, 2 left on base; Rockford 3 - Newark 0
TOP OF THE 6TH
Rockford Playboys batting - Pitching for Newark Knights : RHP Sean Kilgore
Batting: LHB Billy Cowger 0-0: Ball
1-0: Called Strike
1-1: Ball
2-1: Foul Ball, location: 2F
2-2: Ball
3-2: SINGLE (Line Drive, 6D, EV 96.2 MPH)
Batting: SHB Donavan Bonner 0-0: Foul Ball, location: 2F
0-1: Fielders Choice at 2nd, 3-6 (Groundball, 3, EV 80.0 MPH)
Batting: RHB Lavan Lehtera 0-0: Ball
Donavan Bonner steals 2nd base
1-0: Ball
2-0: Called Strike
2-1: Ground out 6-3 (Groundball, 6, EV 76.2 MPH)
Batting: RHB Kennedy Mejia 0-0: Foul Ball, location: 2F
0-1: Ball
1-1: Swinging Strike
1-2: Foul Ball, location: 2F
1-2: Ball
2-2: Ball
3-2: Foul Ball, location: 2F
3-2: Foul Ball, location: 2F
3-2: Strikes out swinging
Top of the 6th over - 0 runs, 1 hit, 0 errors, 1 left on base; Rockford 3 - Newark 0
BOTTOM OF THE 6TH
Newark Knights batting - Pitching for Rockford Playboys : LHP Kirk Loose
Batting: RHB Kaleb Holle 0-0: Swinging Strike
0-1: Called Strike
0-2: Ball
1-2: Ball
2-2: Foul Ball, location: 2F
2-2: Ball
3-2: Strikes out swinging
Batting: LHB Ken Holland 0-0: Swinging Strike
0-1: Swinging Strike
0-2: Foul Ball, location: 2F
0-2: Ball
1-2: Ball
2-2: Ball
3-2: Foul Ball, location: 2F
3-2: Foul Ball, location: 2F
3-2: SOLO HOME RUN (Flyball, 9LD, EV 91.2 MPH), Distance : 327 ft
Pitching: RHP Aiden Christensen
Batting: LHB Kyle Majka 0-0: Called Strike
0-1: Ball
1-1: Foul Ball, location: 2F
1-2: Foul Ball, location: 2F
1-2: Strikes out swinging
Batting: SHB Stefan Traylor 0-0: Fly out, F8 (Line Drive, 8LD, EV 96.2 MPH)
Bottom of the 6th over - 1 run, 1 hit, 0 errors, 0 left on base; Rockford 3 - Newark 1
TOP OF THE 7TH
Rockford Playboys batting - Pitching for Newark Knights : RHP Sean Kilgore
Batting: SHB Dominick Edison 0-0: Ball
1-0: Foul Ball, location: 2F
1-1: Ball
2-1: Ball
3-1: Called Strike
3-2: Foul Ball, location: 2F
3-2: TRIPLE (Flyball, 8LXD, EV 97.5 MPH)
Batting: LHB Dimitri Mallard 0-0: Intentional Walk
Pitching: RHP Brian Lancaster
Batting: RHB Carter Carbon 0-0: Ball
1-0: Foul Ball, location: 2F
1-1: Called Strike
1-2: Strikes out swinging
Batting: LHB Skylar Reid 0-0: Ball
1-0: Foul Ball, location: 2F
1-1: Ball
2-1: Ball
3-1: Base on Balls
Dimitri Mallard to second
Batting: RHB Edward Cain 0-0: Foul Ball, location: 2F
0-1: Called Strike
0-2: Strikes out looking
Batting: LHB Billy Cowger 0-0: Called Strike
0-1: Swinging Strike
0-2: Ball
1-2: Ground out U3 (Groundball, 34S, EV 89.4 MPH)
Top of the 7th over - 0 runs, 1 hit, 0 errors, 3 left on base; Rockford 3 - Newark 1
BOTTOM OF THE 7TH
Newark Knights batting - Pitching for Rockford Playboys : RHP Aiden Christensen
Batting: SHB Zak Puckett 0-0: Ball
1-0: Swinging Strike
1-1: Foul Ball, location: 2F
1-2: Foul Ball, location: 2F
1-2: Hit by Pitch
Batting: RHB Benjamin Givler 0-0: Ball
1-0: Called Strike
1-1: Sac Bunt to 13 - play at first, batter OUT! 1-3
Zak Puckett to second
Batting: RHB Garret Perales 0-0: Fly out, F7 (Flyball, 78D, EV 98.1 MPH)
Batting: RHB Fulton Mhina 0-0: Called Strike
0-1: Swinging Strike
0-2: Ball
1-2: Ball
2-2: Fly out, F8 (Line Drive, 8LD, EV 103.8 MPH)
Bottom of the 7th over - 0 runs, 0 hits, 0 errors, 1 left on base; Rockford 3 - Newark 1
TOP OF THE 8TH
Rockford Playboys batting - Pitching for Newark Knights : RHP Brian Lancaster
Batting: SHB Donavan Bonner 0-0: Ball
1-0: Ball
2-0: Called Strike
2-1: Foul Ball, location: 2F
2-2: Ball
3-2: Foul Ball, location: 2F
3-2: SINGLE (Line Drive, 89S, EV 112.5 MPH)
Batting: RHB Lavan Lehtera 0-0: Ball
1-0: Bunt - Flyout to P! F1
Batting: RHB Kennedy Mejia 0-0: Swinging Strike
0-1: Ball
Donavan Bonner steals 2nd, throwing error, E2
Donavan Bonner to third
1-1: Intentional Walk
Batting: SHB Dominick Edison 0-0: Ball
1-0: Called Strike
1-1: Swinging Strike
1-2: Strikes out swinging
Batting: LHB Dimitri Mallard 0-0: Ball
1-0: Called Strike
1-1: Foul Ball, location: 2F
1-2: Foul Ball, location: 2F
1-2: Ball
2-2: Ball
3-2: Foul Ball, location: 2F
3-2: Foul Ball, location: 2F
3-2: SINGLE (Line Drive, 4D, EV 99.4 MPH)
Donavan Bonner scores
Kennedy Mejia to second
Kennedy Mejia to third
Batting: RHB Carter Carbon 0-0: Ball
1-0: Swinging Strike
1-1: Ball
2-1: Called Strike
2-2: Fly out, F8 (Flyball, 78D, EV 106.9 MPH)
Top of the 8th over - 1 run, 2 hits, 1 error, 2 left on base; Rockford 4 - Newark 1
BOTTOM OF THE 8TH
Newark Knights batting - Pitching for Rockford Playboys : RHP Aiden Christensen
Batting: RHB Danrad Orozco 0-0: Ball
1-0: SOLO HOME RUN (Line Drive, 89XD, EV 100.6 MPH), Distance : 395 ft
Pinch Hitting: LHB Dev Carlson 0-0: Called Strike
0-1: Fly out, F7 (Flyball, 78M, EV 90.6 MPH)
Batting: LHB Ken Holland 0-0: Swinging Strike
0-1: Ball
1-1: Ball
2-1: Foul Ball, location: 2F
2-2: Ball
3-2: Strikes out swinging
Batting: LHB Kyle Majka 0-0: Called Strike
0-1: Ball
1-1: Ball
2-1: Foul Ball, location: 2F
2-2: Strikes out swinging
Bottom of the 8th over - 1 run, 1 hit, 0 errors, 0 left on base; Rockford 4 - Newark 2
TOP OF THE 9TH
Rockford Playboys batting - Pitching for Newark Knights : RHP Brian Lancaster
Now at 2B: Benjamin Givler
Now at 3B: Ken Holland
Now at SS: Max Sanderson
Batting: LHB Skylar Reid 0-0: Ball
1-0: Called Strike
1-1: Ball
2-1: Ball
3-1: Swinging Strike
3-2: Base on Balls
Batting: RHB Edward Cain 0-0: Ball
1-0: Foul Ball, location: 2F
1-1: Foul Ball, location: 2F
1-2: Ball
2-2: Strikes out swinging
Pitching: LHP Damon Cummings
Batting: LHB Billy Cowger 0-0: Foul Ball, location: 2F
0-1: Ball
1-1: Ball
2-1: Fly out, F8 (Flyball, 78M, EV 90.0 MPH)
Batting: SHB Donavan Bonner 0-0: Swinging Strike
0-1: Ground out 6-3 (Groundball, 6S, EV 71.2 MPH)
Top of the 9th over - 0 runs, 0 hits, 0 errors, 1 left on base; Rockford 4 - Newark 2
BOTTOM OF THE 9TH
Newark Knights batting - Pitching for Rockford Playboys : RHP Aiden Christensen
Batting: SHB Stefan Traylor 0-0: Swinging Strike
0-1: Foul Ball, location: 2F
0-2: Ball
1-2: Ball
2-2: Strikes out swinging
Batting: SHB Zak Puckett 0-0: Ball
1-0: Ball
2-0: Called Strike
2-1: Foul Ball, location: 2F
2-2: Ball
3-2: Ground out 4-3 (Groundball, 34D, EV 91.9 MPH)
Batting: RHB Benjamin Givler 0-0: Ball
1-0: Ball
2-0: Called Strike
2-1: Ball
3-1: SINGLE (Groundball, 4MD, EV 105.0 MPH)
Batting: RHB Garret Perales 0-0: Called Strike
0-1: Ball
1-1: Fly out, F8 (Flyball, 8LD, EV 102.5 MPH)
Bottom of the 9th over - 0 runs, 1 hit, 0 errors, 1 left on base; Rockford 4 - Newark 2
Monday, April 29th , 2024 - OOTP Baseball 23.10 Build 110